 Dungeon Crawl Stone Soup version 0.29-a0-384-g6960b1960d (webtiles) character file.

Game seed: 872643320177791984

93 markstv82 the Chiller (level 4, -2/31 HPs)
             Began as a Human Ice Elementalist on May 8, 2022.
             Was a Follower of Elyvilon.
             Killed from afar by Natasha (8 damage)
             ... with a magic dart
             ... on level 2 of the Dungeon.
             The game lasted 00:17:34 (2325 turns).

markstv82 the Chiller (Human Ice Elementalist)      Turns: 2325, Time: 00:17:42

Health: -2/31      AC:  2    Str:  8    XL:     4   Next: 92%
Magic:  4/7        EV: 12    Int: 17    God:    Elyvilon [*.....]
Gold:   43         SH:  0    Dex: 14    Spells: 4/8 levels left

rFire   . . .      SeeInvis .   q - -2 hand axe (vorpal)
rCold   . . .      Faith    .   (no shield)
rNeg    . . .      Spirit   .   a - +0 robe
rPois   .          Reflect  .   (no helmet)
rElec   .          Harm     .   (no cloak)
rCorr   .          Rampage  .   (no gloves)
Will    .....                   (no boots)
Stlth   ++........              (no amulet)
HPRegen 0.10/turn               (no ring)
MPRegen 0.10/turn               (no ring)

@: freezing walls
A: no striking features
a: Renounce Religion, Purification


You were on level 2 of the Dungeon.
You worshipped Elyvilon.
Elyvilon was aware of your devotion.
You visited 1 branch of the dungeon, and saw 2 of its levels.

You collected 43 gold pieces.

Inventory:

Hand Weapons
 c - a +0 short sword
 e - a +0 hunting sling
 j - a +0 dagger
 l - a +1 spear of flaming
 q - a -2 vorpal hand axe (weapon)
Missiles
 d - 90 stones
 i - a boomerang (quivered)
Armour
 a - a +0 robe (worn)
Magical Staves
 h - a staff of conjuration
Scrolls
 b - a scroll of teleportation {unknown}
 f - a scroll of enchant weapon {unknown}
 m - a scroll of silence {unknown}
 p - a scroll of vulnerability {unknown}
Potions
 g - 2 potions of curing {unknown}
 k - a potion of heal wounds {unknown}
 n - a potion of ambrosia {unknown}
 o - a potion of might {unknown}


   Skills:
 + Level 0.3 Fighting
 + Level 0.1 Polearms
 + Level 0.1 Throwing
 + Level 2.4 Dodging
 + Level 2.5 Stealth
 + Level 2.6 Spellcasting
 + Level 5.0 Ice Magic


You had 4 spell levels left.
You knew the following spells:

 Your Spells              Type           Power      Damage    Failure   Level
a - Freeze                Ice            76%        1d9       2%          1
b - Frozen Ramparts       Ice            38%        1d5       7%          3

Your spell library contained the following spells:

 Spells                   Type           Power      Damage    Failure   Level
 Ozocubu's Armour         Ice            19%        N/A       7%          3
 Ensorcelled Hibernation  Hex/Ice        20%        N/A       10%         2
 Spider Form              Tmut/Pois      2%         N/A       50%         3
 Hailstorm                Conj/Ice       10%        3d5       54%         4
 Anguish                  Hex/Necr       1%         N/A       88%         4


Dungeon Overview and Level Annotations

Branches:
Dungeon (2/15)

Altars:
Cheibriados
Elyvilon

Annotations:
D:2 Natasha


Message History

Casting: Freeze (safe; 2% risk of failure)
Confirm with . or Enter, or press ? or * to list all spells.
Aiming: Freeze (safe; 2% risk of failure)
Press: ? - help, Shift-Dir - straight line, f - endoplasm
Aim: an endoplasm (heavily wounded)
You freeze the endoplasm.
You kill the endoplasm!
Natasha, Servant of Life and Death comes into view.
Natasha hisses angrily.
Natasha drinks a potion.
Natasha flickers and vanishes!
Deactivating autopickup; reactivate with Ctrl-A.
You see here 4 gold pieces.
Something claws you. Something claws you but does no damage.
You see here 4 gold pieces.
You miss something. Something claws you! Something barely misses you.
Casting: Freeze (safe; 2% risk of failure)
Confirm with . or Enter, or press ? or * to list all spells.
You can't see any susceptible monsters within range! (Use Z to cast anyway.) Unknown command.
You miss something. Something claws you.
You miss something. Something claws you but does no damage.
You barely miss something.
You hear some strange, mumbled words.
Something claws you!
* * * LOW HITPOINT WARNING * * *
Casting: Freeze (safe; 2% risk of failure)
Confirm with . or Enter, or press ? or * to list all spells.
You can't see any susceptible monsters within range! (Use Z to cast anyway.)
Casting: Freeze (safe; 2% risk of failure)
Confirm with . or Enter, or press ? or * to list all spells.
The spell is quite dangerous to miscast (7% risk of failure)!
Continue anyway?
Casting: Frozen Ramparts (quite dangerous; 7% risk of failure)
Press: ? - help, Dir - look around, f - activate The walls around you are covered in ice.
The wall freezes something.
You hear some strange, mumbled words.
A magic dart appears from out of thin air!
The magic dart hits you!
You die...

##.# #.# ##.# ...#######
........># ....#.##.#
..#.#.##.#
..#.#.##.#############.##
..#.#...........@{.5....#
###.......###############
##......# #...#
####......#######.#.#
....................#
#####..#..#######.###
........#.......#
#####...##.#######
.).............


You could see a crimson imp (summoned).

Vanquished Creatures
  Natasha (twice) (D:2)
  A worm (D:2)
  2 ball pythons
  2 endoplasms (D:2)
  3 giant cockroaches
  4 goblins
  4 hobgoblins
  3 jackals (D:1)
  3 quokkas
  6 bats
  5 kobolds (D:1)
  3 rats
38 creatures vanquished.

Notes
Turn   | Place    | Note
-------+----------+-------------------------------------------
     0 | D:1      | markstv82 the Human Ice Elementalist began the quest for
                  | the Orb.
     0 | D:1      | Reached XP level 1. HP: 13/13 MP: 3/3
   378 | D:1      | Reached XP level 2. HP: 19/19 MP: 1/5
  1002 | D:1      | Reached XP level 3. HP: 24/24 MP: 3/6
  1813 | D:2      | Found a faded altar of an unknown god.
  1826 | D:2      | Prayed at the altar of an unknown god.
  1826 | D:2      | Became a worshipper of Elyvilon the Healer
  1826 | D:2      | Reached * piety under Elyvilon
  1921 | D:2      | Found a snail-covered altar of Cheibriados.
  1962 | D:2      | Noticed Natasha
  1970 | D:2      | Learned a level 3 spell: Frozen Ramparts
  1972 | D:2      | Killed Natasha
  1973 | D:2      | Reached XP level 4. HP: 26/30 MP: 3/7
  2044 | D:2      | Noticed Natasha
  2053 | D:2      | Killed Natasha
  2054 | D:2      | Reached skill level 5 in Ice Magic
  2313 | D:2      | Noticed Natasha
  2325 | D:2      | Killed from afar by Natasha

Illustrated notes

Levels and vault maps discovered:
D:1:      minmay_arrival_plants_in_alcoves, layout_basic
D:2:      layout_basic, basic_altar, ebering_ecumenical_altar_rust, uniq_natasha

Skill      XL: |  1  2  3  4 |
---------------+-------------+-----
Ice Magic      | 5 |  5.0
Fighting       | |  0.3
Polearms       | |  0.1
Throwing       | |  0.1
Dodging        | |  2.4
Stealth        | |  2.5
Spellcasting   | |  2.6

Action                   |  1- 3 |  4- 6 || total
-------------------------+-------+-------++-------
Melee: Short sword       |     8 |       ||     8
       Unarmed           |     1 |       ||     1
       Staff             |     2 |       ||     2
       Dagger            |     1 |       ||     1
       Spear             |    14 |     3 ||    17
       Hand axe          |       |     6 ||     6
Throw: Boomerang         |     8 |     1 ||     9
 Cast: Freeze            |    38 |     7 ||    45
       Frozen Ramparts   |     1 |     1 ||     2
  Use: Scroll            |     1 |       ||     1
       Potion            |     1 |       ||     1
 Stab: Sleeping          |     6 |       ||     6
Armor: Robe              |    19 |     3 ||    22
Dodge: Dodged            |    56 |     6 ||    62

Table legend: (Time is in decaauts)
 A = Elapsed time spent in this place.
 B = Non-inter-level travel time spent in this place.
 C = Inter-level travel time spent in this place.
 D = Time resting spent in this place.
 E = Time spent auto-exploring this place.
 F = Levels seen in this place.
 G = Mean time per level.
                   A        B        C        D        E       F      G
               +--------+--------+--------+--------+--------+-----+--------+
         Total |   2338 |   2338 |      0 |    932 |    492 |   2 | 1169.0 |
       Dungeon |   2338 |   2338 |      0 |    932 |    492 |   2 | 1169.0 |
               +--------+--------+--------+--------+--------+-----+--------+

Top non-repeatable levels by time:
     D:1: 1331 daAuts
     D:2: 1007 daAuts
